[ AOE2 MATCH · #498907615 ]
UnrankedGeorgians vs Italians
[ REPLAY ANALYSIS · EXTRACTED FROM THE RECORDED GAME ]
Feudal
8:51
Castle
25:37
Imperial
—
| APM avg | 83.8 |
| APM peak | 123 |
| eAPM avg | 37.1 |
| Villagers / military | 122 / 106 |
Focus
⚔️ 53.8% · 🌾 46.2%
Scout Cavalry ×73 · Knight ×30 · Monk ×3
Feudal
8:25
Castle
21:39
Imperial
—
| APM avg | 47.0 |
| APM peak | 108 |
| eAPM avg | 20.0 |
| Villagers / military | 110 / 44 |
Focus
⚔️ 28.3% · 🌾 71.7%
Knight ×32 · Scout Cavalry ×11 · Monk ×1
Feudal
8:25
Castle
24:27
Imperial
—
| APM avg | 62.7 |
| APM peak | 97 |
| eAPM avg | 31.6 |
| Villagers / military | 93 / 90 |
Focus
⚔️ 45.0% · 🌾 55.0%
Archer ×87 · Mangonel ×3
Feudal
9:18
Castle
29:21
Imperial
—
| APM avg | 93.0 |
| APM peak | 160 |
| eAPM avg | 40.3 |
| Villagers / military | 119 / 76 |
Focus
⚔️ 54.4% · 🌾 45.6%
Knight ×45 · Scout Cavalry ×30 · Spearman ×1
Feudal
8:31
Castle
26:42
Imperial
—
| APM avg | 53.1 |
| APM peak | 77 |
| eAPM avg | 25.6 |
| Villagers / military | 75 / 37 |
Focus
⚔️ 37.2% · 🌾 62.8%
Scout Cavalry ×21 · Knight ×15 · Spearman ×1
Feudal
8:53
Castle
22:28
Imperial
—
| APM avg | 71.8 |
| APM peak | 115 |
| eAPM avg | 28.3 |
| Villagers / military | 72 / 107 |
Focus
⚔️ 53.4% · 🌾 46.6%
Archer ×107
Feudal
8:52
Castle
25:04
Imperial
—
| APM avg | 54.3 |
| APM peak | 81 |
| eAPM avg | 20.6 |
| Villagers / military | 70 / 96 |
Focus
⚔️ 41.5% · 🌾 58.5%
Cavalry Archer ×50 · Archer ×45 · Spearman ×1
Feudal
10:11
Castle
28:38
Imperial
—
| APM avg | 70.1 |
| APM peak | 124 |
| eAPM avg | 30.9 |
| Villagers / military | 79 / 95 |
Focus
⚔️ 54.6% · 🌾 45.4%
Cavalry Archer ×39 · Skirmisher ×36 · Archer ×18 · Iron Pagoda ×2
Match map
Initial resources + every placement click. Lines = walls · curves = elevation contours. ◆ gold · ⬟ stone · ● berries · ✦ relic · ◌ wall gap
Your base· ✓ Closed at 25:37 · 64t walls · no gate
[CL] castiii's base· ✓ Closed at 21:39 · 37t walls · no gate
Darth Maul's base· Open — 1t gap
Carmolo11's base· ✓ Closed at 29:21 · 60t walls · 1 gate(s)
[CL] Davidlk1412's base· Open — 8t gap
CL_lorecs's base· Open — 4t gap
[CL] Eduardo's base· ✓ Closed at 25:04 · 48t walls · 1 gate(s)
hK | FraKTal's base· Open — 1t gap
Smoothed initial terrain · ◌ = detected wall gap · hover for details
Inputs per minute
— Zoschenko - - [CL] castiii
Build order — Zoschenko
First 150 of 348 actions detected
| 0:01 | Queue | Villager (Male) |
| 0:01 | Queue | Villager (Male) |
| 0:02 | Queue | Villager (Male) |
| 0:02 | Build | House |
| 0:04 | Build | House |
| 0:13 | Queue | Villager (Male) |
| 1:17 | Queue | Villager (Male) |
| 1:17 | Queue | Villager (Male) |
| 1:52 | Queue | Villager (Male) |
| 1:52 | Queue | Villager (Male) |
| 2:27 | Queue | Villager (Male) |
| 2:27 | Queue | Villager (Male) |
| 2:28 | Queue | Villager (Male) |
| 2:28 | Queue | Villager (Male) |
| 2:38 | Build | Mill |
| 3:11 | Queue | Villager (Male) |
| 3:11 | Queue | Villager (Male) |
| 3:11 | Queue | Villager (Male) |
| 3:15 | Build | House |
| 3:31 | Queue | Villager (Male) |
| 3:31 | Queue | Villager (Male) |
| 4:17 | Queue | Villager (Male) |
| 4:17 | Queue | Villager (Male) |
| 4:26 | Queue | Villager (Male) |
| 4:27 | Queue | Villager (Male) |
| 4:27 | Queue | Villager (Male) |
| 4:41 | Research | Loom |
| 4:42 | Research | Loom |
| 4:48 | Queue | Villager (Male) |
| 4:57 | Queue | Villager (Male) |
| 4:58 | Research | Loom |
| 5:46 | Queue | Villager (Male) |
| 5:46 | Research | Loom |
| 6:14 | Research | Feudal Age |
| 6:15 | Research | Feudal Age |
| 7:31 | Build | Barracks |
| 7:52 | Queue | Villager (Male) |
| 8:51 | Age | Feudal Age |
| 8:55 | Build | Stable |
| 8:56 | Build | House |
| 9:03 | Research | Double-Bit Axe |
| 9:04 | Research | Double-Bit Axe |
| 9:06 | Queue | Villager (Male) |
| 9:17 | Build | House |
| 9:38 | Queue | Villager (Male) |
| 9:42 | Queue | Scout Cavalry |
| 9:42 | Queue | Scout Cavalry |
| 9:42 | Queue | Scout Cavalry |
| 9:43 | Queue | Scout Cavalry |
| 9:43 | Queue | Scout Cavalry |
| 9:49 | Research | Horse Collar |
| 9:49 | Research | Horse Collar |
| 9:53 | Queue | Villager (Male) |
| 9:57 | Build | Palisade Wall |
| 10:01 | Build | Palisade Wall |
| 10:02 | Build | Palisade Wall |
| 10:08 | Queue | Villager (Male) |
| 10:13 | Build | Palisade Wall |
| 10:27 | Build | Palisade Wall |
| 10:37 | Build | Palisade Wall |
| 10:41 | Build | Farm |
| 10:43 | Queue | Scout Cavalry |
| 10:51 | Queue | Villager (Male) |
| 10:56 | Build | Farm |
| 11:13 | Queue | Villager (Male) |
| 11:16 | Build | House |
| 11:25 | Build | Palisade Wall |
| 11:27 | Build | Palisade Wall |
| 11:31 | Queue | Scout Cavalry |
| 11:41 | Build | House |
| 11:53 | Build | Farm |
| 11:54 | Build | Farm |
| 12:01 | Queue | Villager (Male) |
| 12:33 | Queue | Villager (Male) |
| 12:35 | Build | Farm |
| 12:42 | Build | Farm |
| 12:43 | Queue | Villager (Male) |
| 12:44 | Queue | Villager (Male) |
| 12:51 | Build | Farm |
| 13:02 | Build | Farm |
| 13:11 | Queue | Scout Cavalry |
| 13:26 | Build | Farm |
| 13:31 | Build | Farm |
| 13:37 | Queue | Villager (Male) |
| 13:38 | Queue | Villager (Male) |
| 13:45 | Queue | Villager (Male) |
| 13:50 | Build | Mule Cart |
| 14:08 | Build | Farm |
| 14:10 | Build | Farm |
| 14:12 | Queue | Scout Cavalry |
| 14:12 | Queue | Scout Cavalry |
| 14:13 | Queue | Scout Cavalry |
| 14:18 | Build | House |
| 14:19 | Build | House |
| 14:25 | Queue | Villager (Male) |
| 14:37 | Queue | Villager (Male) |
| 14:39 | Build | Farm |
| 14:52 | Queue | Scout Cavalry |
| 14:52 | Queue | Scout Cavalry |
| 15:11 | Queue | Scout Cavalry |
| 15:12 | Queue | Villager (Male) |
| 15:14 | Build | Farm |
| 15:22 | Queue | Villager (Male) |
| 15:27 | Research | Bloodlines |
| 15:28 | Research | Bloodlines |
| 15:29 | Queue | Villager (Male) |
| 15:42 | Build | Blacksmith |
| 15:43 | Queue | Scout Cavalry |
| 16:01 | Queue | Villager (Male) |
| 16:02 | Queue | Villager (Male) |
| 16:02 | Queue | Villager (Male) |
| 16:17 | Queue | Villager (Male) |
| 16:20 | Build | Farm |
| 16:30 | Research | Scale Barding Armor |
| 16:30 | Research | Scale Barding Armor |
| 16:34 | Build | Farm |
| 16:38 | Queue | Villager (Male) |
| 16:40 | Build | Farm |
| 16:57 | Build | Farm |
| 16:57 | Queue | Scout Cavalry |
| 16:59 | Build | Farm |
| 17:03 | Queue | Villager (Male) |
| 17:07 | Build | House |
| 17:22 | Queue | Scout Cavalry |
| 17:27 | Build | Farm |
| 17:34 | Queue | Scout Cavalry |
| 17:53 | Queue | Scout Cavalry |
| 17:54 | Queue | Scout Cavalry |
| 18:07 | Build | Farm |
| 18:07 | Queue | Villager (Male) |
| 18:08 | Queue | Villager (Male) |
| 18:08 | Queue | Villager (Male) |
| 18:11 | Build | Farm |
| 18:23 | Research | Forging |
| 18:24 | Queue | Scout Cavalry |
| 18:25 | Queue | Scout Cavalry |
| 18:46 | Queue | Villager (Male) |
| 18:48 | Build | House |
| 18:48 | Build | House |
| 18:50 | Build | House |
| 18:51 | Queue | Scout Cavalry |
| 18:51 | Queue | Scout Cavalry |
| 19:14 | Queue | Scout Cavalry |
| 19:15 | Queue | Scout Cavalry |
| 19:15 | Queue | Scout Cavalry |
| 19:26 | Queue | Scout Cavalry |
| 19:35 | Queue | Villager (Male) |
| 19:35 | Queue | Villager (Male) |
| 19:40 | Build | Stable |
| 19:45 | Queue | Villager (Male) |
Build order — [CL] castiii
First 150 of 298 actions detected
| 0:00 | Queue | Villager (Male) |
| 0:00 | Queue | Villager (Male) |
| 0:01 | Queue | Villager (Male) |
| 0:02 | Build | House |
| 0:02 | Build | House |
| 0:11 | Queue | Villager (Male) |
| 1:23 | Queue | Villager (Male) |
| 2:01 | Queue | Villager (Male) |
| 2:13 | Build | Lumber Camp |
| 2:20 | Queue | Villager (Male) |
| 2:40 | Queue | Villager (Male) |
| 3:09 | Queue | Villager (Male) |
| 3:21 | Queue | Villager (Male) |
| 3:31 | Build | House |
| 3:32 | Build | House |
| 3:36 | Queue | Villager (Male) |
| 4:20 | Queue | Villager (Male) |
| 4:20 | Queue | Villager (Male) |
| 4:34 | Build | Mill |
| 4:37 | Queue | Villager (Male) |
| 4:42 | Queue | Villager (Male) |
| 4:42 | Research | Loom |
| 6:04 | Research | Feudal Age |
| 6:41 | Queue | Villager (Male) |
| 6:57 | Build | Barracks |
| 7:14 | Queue | Villager (Male) |
| 7:42 | Build | House |
| 8:25 | Age | Feudal Age |
| 8:32 | Queue | Villager (Male) |
| 8:47 | Queue | Villager (Male) |
| 8:50 | Build | Stable |
| 8:52 | Research | Double-Bit Axe |
| 8:53 | Research | Horse Collar |
| 9:11 | Build | House |
| 9:43 | Queue | Scout Cavalry |
| 10:01 | Queue | Villager (Male) |
| 10:04 | Build | House |
| 10:05 | Build | Palisade Wall |
| 10:13 | Build | Palisade Wall |
| 10:27 | Queue | Villager (Male) |
| 10:28 | Queue | Scout Cavalry |
| 10:32 | Build | Farm |
| 10:33 | Build | Farm |
| 10:34 | Build | Farm |
| 10:35 | Build | Farm |
| 10:46 | Queue | Villager (Male) |
| 10:49 | Build | Farm |
| 11:01 | Build | House |
| 11:03 | Build | Farm |
| 11:05 | Build | Farm |
| 11:13 | Queue | Villager (Male) |
| 11:30 | Build | House |
| 11:32 | Queue | Villager (Male) |
| 11:35 | Build | Palisade Wall |
| 11:44 | Build | Palisade Wall |
| 11:49 | Queue | Scout Cavalry |
| 11:59 | Queue | Villager (Male) |
| 12:10 | Build | Farm |
| 12:21 | Queue | Villager (Male) |
| 12:39 | Queue | Scout Cavalry |
| 12:40 | Queue | Villager (Male) |
| 12:58 | Build | Blacksmith |
| 13:07 | Build | Palisade Wall |
| 13:09 | Queue | Villager (Male) |
| 13:18 | Queue | Scout Cavalry |
| 13:28 | Build | Farm |
| 13:30 | Build | Farm |
| 13:30 | Queue | Villager (Male) |
| 13:35 | Queue | Scout Cavalry |
| 13:42 | Build | House |
| 13:42 | Build | House |
| 13:47 | Build | Farm |
| 13:58 | Research | Scale Barding Armor |
| 14:03 | Build | Farm |
| 14:06 | Queue | Villager (Male) |
| 14:16 | Build | Farm |
| 14:23 | Queue | Villager (Male) |
| 14:46 | Queue | Scout Cavalry |
| 14:51 | Queue | Villager (Male) |
| 14:54 | Build | Farm |
| 14:58 | Build | Mining Camp |
| 15:00 | Build | Farm |
| 15:03 | Build | Farm |
| 15:10 | Queue | Villager (Male) |
| 15:29 | Queue | Villager (Male) |
| 15:30 | Queue | Scout Cavalry |
| 15:58 | Queue | Scout Cavalry |
| 15:58 | Queue | Villager (Male) |
| 16:09 | Build | Farm |
| 16:09 | Build | Farm |
| 16:12 | Build | Farm |
| 16:15 | Build | Farm |
| 16:26 | Queue | Villager (Male) |
| 16:31 | Queue | Scout Cavalry |
| 16:54 | Queue | Villager (Male) |
| 17:01 | Queue | Scout Cavalry |
| 17:02 | Queue | Villager (Male) |
| 17:04 | Build | Stable |
| 17:13 | Build | Farm |
| 17:37 | Queue | Villager (Male) |
| 17:44 | Build | Market |
| 18:04 | Queue | Villager (Male) |
| 18:09 | Build | House |
| 18:11 | Build | House |
| 18:57 | Queue | Villager (Male) |
| 18:59 | Research | Castle Age |
| 19:10 | Research | Bloodlines |
| 19:41 | Research | Gold Mining |
| 20:06 | Research | Fletching |
| 20:08 | Research | Forging |
| 20:45 | Build | Farm |
| 20:49 | Build | Stable |
| 21:38 | Build | Farm |
| 21:39 | Age | Castle Age |
| 21:40 | Build | Farm |
| 21:41 | Queue | Knight |
| 21:41 | Queue | Knight |
| 21:42 | Queue | Knight |
| 21:43 | Research | Chain Barding Armor |
| 21:43 | Queue | Villager (Male) |
| 21:44 | Queue | Villager (Male) |
| 21:56 | Queue | Knight |
| 22:03 | Queue | Villager (Male) |
| 22:08 | Build | Town Center |
| 22:22 | Queue | Knight |
| 22:22 | Queue | Knight |
| 22:24 | Research | Bow Saw |
| 22:26 | Research | Husbandry |
| 22:51 | Queue | Villager (Male) |
| 22:53 | Queue | Knight |
| 23:04 | Build | Palisade Gate |
| 23:05 | Queue | Villager (Male) |
| 23:07 | Queue | Knight |
| 23:11 | Build | Palisade Wall |
| 23:14 | Build | House |
| 23:15 | Build | House |
| 23:22 | Queue | Knight |
| 23:23 | Queue | Villager (Male) |
| 23:32 | Build | House |
| 23:34 | Build | House |
| 23:38 | Queue | Villager (Male) |
| 23:38 | Queue | Villager (Male) |
| 23:38 | Queue | Villager (Male) |
| 23:56 | Queue | Villager (Male) |
| 23:58 | Build | Farm |
| 24:00 | Build | Farm |
| 24:17 | Queue | Villager (Male) |
| 24:26 | Build | Farm |
| 24:28 | Queue | Villager (Male) |
| 24:39 | Queue | Villager (Male) |
Build order — Darth Maul
First 150 of 306 actions detected
| 0:00 | Queue | Villager (Male) |
| 0:01 | Build | House |
| 0:03 | Research | Loom |
| 0:04 | Build | House |
| 0:05 | Queue | Villager (Male) |
| 0:09 | Queue | Villager (Male) |
| 0:09 | Queue | Villager (Male) |
| 0:56 | Research | Loom |
| 1:18 | Queue | Villager (Male) |
| 1:52 | Queue | Villager (Male) |
| 2:10 | Queue | Villager (Male) |
| 3:07 | Queue | Villager (Male) |
| 3:07 | Queue | Villager (Male) |
| 3:24 | Queue | Villager (Male) |
| 3:45 | Build | House |
| 4:06 | Build | House |
| 4:08 | Queue | Villager (Male) |
| 4:18 | Queue | Villager (Male) |
| 4:58 | Queue | Villager (Male) |
| 4:58 | Queue | Villager (Male) |
| 5:09 | Build | Lumber Camp |
| 6:07 | Research | Feudal Age |
| 7:28 | Build | Mining Camp |
| 8:25 | Age | Feudal Age |
| 8:31 | Queue | Villager (Male) |
| 8:32 | Queue | Villager (Male) |
| 8:32 | Queue | Villager (Male) |
| 8:33 | Build | Archery Range |
| 8:35 | Build | Archery Range |
| 8:57 | Build | Blacksmith |
| 8:57 | Build | Palisade Wall |
| 8:58 | Build | Palisade Wall |
| 9:02 | Build | Blacksmith |
| 9:03 | Build | Palisade Wall |
| 9:28 | Queue | Archer |
| 9:28 | Queue | Archer |
| 9:55 | Queue | Villager (Male) |
| 10:07 | Queue | Archer |
| 10:26 | Queue | Villager (Male) |
| 10:50 | Queue | Villager (Male) |
| 10:54 | Build | House |
| 10:57 | Queue | Archer |
| 11:18 | Queue | Archer |
| 11:26 | Build | Farm |
| 11:27 | Build | Farm |
| 11:29 | Build | Farm |
| 11:39 | Queue | Archer |
| 11:49 | Queue | Villager (Male) |
| 11:53 | Build | Palisade Wall |
| 11:56 | Build | House |
| 11:57 | Build | Palisade Wall |
| 12:00 | Queue | Archer |
| 12:06 | Build | Farm |
| 12:10 | Queue | Villager (Male) |
| 12:15 | Build | Farm |
| 12:17 | Build | Farm |
| 12:20 | Queue | Archer |
| 12:33 | Build | Farm |
| 12:46 | Queue | Archer |
| 12:49 | Research | Double-Bit Axe |
| 12:56 | Build | Palisade Wall |
| 12:59 | Queue | Villager (Male) |
| 13:12 | Queue | Archer |
| 13:19 | Queue | Villager (Male) |
| 13:27 | Queue | Archer |
| 13:32 | Build | House |
| 13:35 | Queue | Villager (Male) |
| 13:55 | Research | Fletching |
| 13:56 | Queue | Archer |
| 14:03 | Build | Farm |
| 14:04 | Build | Farm |
| 14:16 | Build | House |
| 14:16 | Build | Palisade Wall |
| 14:17 | Build | Palisade Wall |
| 14:21 | Queue | Archer |
| 14:26 | Queue | Villager (Male) |
| 14:34 | Queue | Villager (Male) |
| 14:41 | Queue | Archer |
| 15:06 | Queue | Archer |
| 15:10 | Queue | Archer |
| 15:21 | Queue | Archer |
| 15:29 | Queue | Archer |
| 15:31 | Queue | Villager (Male) |
| 15:31 | Queue | Villager (Male) |
| 16:02 | Queue | Archer |
| 16:09 | Queue | Villager (Male) |
| 16:12 | Queue | Villager (Male) |
| 16:19 | Queue | Archer |
| 16:26 | Build | House |
| 16:27 | Build | Farm |
| 16:28 | Build | Farm |
| 16:28 | Build | Farm |
| 16:36 | Queue | Villager (Male) |
| 16:40 | Research | Padded Archer Armor |
| 16:44 | Build | Mill |
| 16:53 | Queue | Archer |
| 17:01 | Build | Palisade Wall |
| 17:02 | Build | Palisade Wall |
| 17:06 | Queue | Archer |
| 17:12 | Queue | Villager (Male) |
| 17:34 | Queue | Archer |
| 17:35 | Queue | Archer |
| 17:36 | Queue | Archer |
| 17:52 | Queue | Archer |
| 17:57 | Queue | Villager (Male) |
| 18:29 | Queue | Archer |
| 18:35 | Build | Farm |
| 18:35 | Build | Farm |
| 18:37 | Queue | Villager (Male) |
| 18:40 | Queue | Archer |
| 18:41 | Build | House |
| 18:42 | Build | House |
| 19:01 | Queue | Archer |
| 19:03 | Queue | Villager (Male) |
| 19:03 | Queue | Villager (Male) |
| 19:04 | Queue | Villager (Male) |
| 19:05 | Research | Wheelbarrow |
| 19:10 | Build | House |
| 19:12 | Build | House |
| 19:30 | Queue | Archer |
| 19:44 | Build | Palisade Wall |
| 19:45 | Build | House |
| 19:53 | Queue | Archer |
| 19:55 | Queue | Archer |
| 20:14 | Build | Lumber Camp |
| 20:23 | Queue | Villager (Male) |
| 20:24 | Queue | Villager (Male) |
| 20:48 | Build | House |
| 20:49 | Build | House |
| 21:04 | Build | Farm |
| 21:04 | Build | Farm |
| 21:16 | Queue | Villager (Male) |
| 21:47 | Research | Castle Age |
| 21:59 | Research | Horse Collar |
| 22:07 | Queue | Archer |
| 22:07 | Queue | Archer |
| 22:15 | Build | Archery Range |
| 22:26 | Research | Gold Mining |
| 22:33 | Queue | Archer |
| 22:47 | Queue | Archer |
| 22:52 | Queue | Archer |
| 23:07 | Build | Lumber Camp |
| 23:11 | Build | Lumber Camp |
| 23:36 | Queue | Archer |
| 23:36 | Queue | Archer |
| 23:37 | Queue | Villager (Male) |
| 23:43 | Build | House |
| 23:44 | Build | Palisade Wall |
| 23:50 | Queue | Archer |
| 24:06 | Queue | Archer |
Build order — Carmolo11
First 150 of 351 actions detected
| 0:00 | Queue | Villager (Male) |
| 0:00 | Queue | Villager (Male) |
| 0:01 | Queue | Villager (Male) |
| 0:02 | Build | House |
| 0:02 | Build | House |
| 0:06 | Queue | Villager (Male) |
| 1:28 | Queue | Villager (Male) |
| 1:58 | Queue | Villager (Male) |
| 2:08 | Build | Lumber Camp |
| 2:19 | Queue | Villager (Male) |
| 2:48 | Queue | Villager (Male) |
| 3:02 | Queue | Villager (Male) |
| 3:37 | Queue | Villager (Male) |
| 3:53 | Build | House |
| 3:53 | Build | House |
| 4:11 | Queue | Villager (Male) |
| 4:20 | Queue | Villager (Male) |
| 4:37 | Queue | Villager (Male) |
| 5:00 | Queue | Villager (Male) |
| 5:05 | Queue | Villager (Male) |
| 5:09 | Build | Mill |
| 5:44 | Queue | Villager (Male) |
| 6:37 | Queue | Villager (Male) |
| 7:08 | Research | Feudal Age |
| 7:08 | Research | Feudal Age |
| 8:00 | Build | Barracks |
| 8:30 | Queue | Villager (Male) |
| 8:30 | Research | Loom |
| 9:18 | Age | Feudal Age |
| 9:20 | Build | Stable |
| 9:21 | Queue | Spearman |
| 9:23 | Queue | Villager (Male) |
| 9:26 | Research | Double-Bit Axe |
| 9:26 | Research | Double-Bit Axe |
| 9:26 | Research | Double-Bit Axe |
| 9:26 | Research | Horse Collar |
| 9:26 | Research | Horse Collar |
| 9:27 | Research | Horse Collar |
| 9:48 | Build | House |
| 9:52 | Build | House |
| 9:52 | Build | House |
| 9:58 | Build | Palisade Wall |
| 9:59 | Build | Palisade Wall |
| 10:00 | Build | Palisade Wall |
| 10:01 | Queue | Scout Cavalry |
| 10:02 | Queue | Scout Cavalry |
| 10:02 | Queue | Scout Cavalry |
| 10:18 | Queue | Villager (Male) |
| 10:24 | Build | Farm |
| 10:25 | Build | Farm |
| 10:31 | Queue | Villager (Male) |
| 10:40 | Build | Palisade Wall |
| 10:44 | Build | House |
| 10:46 | Build | Palisade Wall |
| 10:48 | Queue | Villager (Male) |
| 10:59 | Build | House |
| 11:01 | Build | Palisade Wall |
| 11:03 | Build | Palisade Wall |
| 11:10 | Build | Palisade Wall |
| 11:10 | Build | Palisade Wall |
| 11:12 | Queue | Villager (Male) |
| 11:16 | Queue | Scout Cavalry |
| 11:20 | Build | Farm |
| 11:22 | Build | Farm |
| 11:30 | Build | Farm |
| 11:44 | Queue | Villager (Male) |
| 12:00 | Build | Farm |
| 12:02 | Build | Farm |
| 12:21 | Queue | Villager (Male) |
| 12:35 | Queue | Villager (Male) |
| 12:40 | Build | Farm |
| 12:42 | Build | Farm |
| 12:49 | Queue | Villager (Male) |
| 12:53 | Queue | Scout Cavalry |
| 13:01 | Queue | Villager (Male) |
| 13:04 | Build | Farm |
| 13:07 | Build | Farm |
| 13:17 | Queue | Villager (Male) |
| 13:27 | Queue | Villager (Male) |
| 13:33 | Build | Farm |
| 13:34 | Queue | Villager (Male) |
| 13:44 | Build | Blacksmith |
| 13:45 | Queue | Scout Cavalry |
| 13:49 | Build | Farm |
| 13:53 | Build | House |
| 13:55 | Build | Farm |
| 13:57 | Queue | Scout Cavalry |
| 14:05 | Build | House |
| 14:08 | Queue | Villager (Male) |
| 14:17 | Build | House |
| 14:18 | Build | Farm |
| 14:22 | Queue | Scout Cavalry |
| 14:26 | Queue | Villager (Male) |
| 14:33 | Build | Palisade Wall |
| 14:35 | Queue | Villager (Male) |
| 14:42 | Queue | Villager (Male) |
| 14:48 | Research | Scale Barding Armor |
| 14:54 | Build | Mining Camp |
| 15:00 | Queue | Villager (Male) |
| 15:07 | Build | Farm |
| 15:09 | Queue | Scout Cavalry |
| 15:18 | Build | Farm |
| 15:22 | Queue | Villager (Male) |
| 15:30 | Queue | Villager (Male) |
| 15:37 | Queue | Villager (Male) |
| 15:45 | Queue | Villager (Male) |
| 15:52 | Queue | Villager (Male) |
| 15:56 | Queue | Scout Cavalry |
| 15:59 | Queue | Villager (Male) |
| 16:10 | Queue | Villager (Male) |
| 16:11 | Build | Farm |
| 16:11 | Build | Farm |
| 16:11 | Build | Farm |
| 16:12 | Build | Farm |
| 16:12 | Build | Farm |
| 16:12 | Build | Farm |
| 16:13 | Queue | Villager (Male) |
| 16:17 | Queue | Villager (Male) |
| 16:18 | Queue | Villager (Male) |
| 16:21 | Build | House |
| 16:41 | Queue | Villager (Male) |
| 16:43 | Queue | Villager (Male) |
| 16:45 | Build | House |
| 16:45 | Build | House |
| 16:47 | Build | Palisade Wall |
| 16:48 | Build | Palisade Wall |
| 16:50 | Queue | Villager (Male) |
| 16:51 | Build | Palisade Wall |
| 17:06 | Build | Farm |
| 17:11 | Queue | Villager (Male) |
| 17:16 | Build | House |
| 17:22 | Queue | Villager (Male) |
| 17:26 | Build | Farm |
| 17:27 | Queue | Villager (Male) |
| 17:39 | Build | Watch Tower |
| 17:50 | Queue | Scout Cavalry |
| 17:50 | Queue | Scout Cavalry |
| 17:50 | Queue | Scout Cavalry |
| 17:56 | Queue | Villager (Male) |
| 17:59 | Research | Forging |
| 18:05 | Queue | Villager (Male) |
| 18:08 | Queue | Scout Cavalry |
| 18:12 | Queue | Villager (Male) |
| 18:18 | Queue | Scout Cavalry |
| 18:22 | Queue | Scout Cavalry |
| 18:26 | Queue | Scout Cavalry |
| 18:28 | Queue | Villager (Male) |
| 18:34 | Queue | Villager (Male) |
| 18:48 | Build | House |
| 18:49 | Queue | Villager (Male) |
Build order — [CL] Davidlk1412
First 150 of 214 actions detected
| 0:00 | Queue | Villager (Male) |
| 0:00 | Queue | Villager (Male) |
| 0:02 | Build | House |
| 0:02 | Build | House |
| 0:05 | Queue | Villager (Male) |
| 0:07 | Queue | Villager (Male) |
| 1:23 | Queue | Villager (Male) |
| 1:58 | Queue | Villager (Male) |
| 2:11 | Queue | Villager (Male) |
| 2:21 | Build | Lumber Camp |
| 2:57 | Queue | Villager (Male) |
| 2:58 | Queue | Villager (Male) |
| 3:43 | Queue | Villager (Male) |
| 3:44 | Queue | Villager (Male) |
| 4:04 | Queue | Villager (Male) |
| 4:09 | Build | House |
| 4:25 | Queue | Villager (Male) |
| 4:43 | Queue | Villager (Male) |
| 4:47 | Build | Mill |
| 5:25 | Queue | Villager (Male) |
| 5:36 | Queue | Villager (Male) |
| 5:57 | Research | Loom |
| 6:21 | Research | Feudal Age |
| 7:42 | Build | Barracks |
| 8:03 | Queue | Villager (Male) |
| 8:08 | Build | House |
| 8:31 | Age | Feudal Age |
| 8:49 | Build | Stable |
| 8:54 | Queue | Villager (Male) |
| 9:07 | Queue | Villager (Male) |
| 9:10 | Build | House |
| 9:15 | Research | Double-Bit Axe |
| 9:23 | Queue | Villager (Male) |
| 9:36 | Queue | Scout Cavalry |
| 9:37 | Queue | Scout Cavalry |
| 9:46 | Build | Farm |
| 9:53 | Build | House |
| 9:56 | Queue | Villager (Male) |
| 10:10 | Build | Farm |
| 10:13 | Queue | Scout Cavalry |
| 10:14 | Queue | Villager (Male) |
| 10:17 | Build | Farm |
| 10:23 | Build | Palisade Wall |
| 10:39 | Queue | Scout Cavalry |
| 11:03 | Queue | Villager (Male) |
| 11:12 | Queue | Villager (Male) |
| 11:16 | Build | Farm |
| 11:19 | Build | Farm |
| 11:26 | Queue | Scout Cavalry |
| 11:46 | Queue | Villager (Male) |
| 11:48 | Build | Palisade Wall |
| 11:49 | Build | House |
| 12:10 | Queue | Villager (Male) |
| 12:12 | Build | Farm |
| 12:13 | Build | Farm |
| 12:13 | Build | Farm |
| 12:13 | Build | Farm |
| 12:13 | Build | Farm |
| 12:14 | Build | Farm |
| 12:24 | Build | House |
| 12:33 | Build | House |
| 12:35 | Build | Palisade Wall |
| 12:38 | Queue | Villager (Male) |
| 12:53 | Queue | Villager (Male) |
| 12:55 | Build | Farm |
| 12:58 | Build | Farm |
| 13:14 | Queue | Scout Cavalry |
| 13:15 | Queue | Villager (Male) |
| 13:17 | Build | Farm |
| 13:17 | Build | Farm |
| 13:20 | Build | House |
| 13:32 | Queue | Villager (Male) |
| 13:35 | Build | Palisade Wall |
| 13:52 | Build | Farm |
| 14:14 | Queue | Villager (Male) |
| 14:15 | Research | Horse Collar |
| 14:17 | Build | Farm |
| 14:47 | Queue | Scout Cavalry |
| 14:49 | Queue | Villager (Male) |
| 14:52 | Queue | Villager (Male) |
| 14:59 | Queue | Scout Cavalry |
| 15:00 | Queue | Villager (Male) |
| 15:03 | Build | Palisade Wall |
| 15:04 | Build | Palisade Wall |
| 15:04 | Build | Palisade Wall |
| 15:08 | Build | Palisade Wall |
| 15:08 | Build | Palisade Wall |
| 15:09 | Build | Palisade Wall |
| 15:17 | Build | Farm |
| 15:48 | Queue | Villager (Male) |
| 15:53 | Queue | Villager (Male) |
| 15:55 | Queue | Villager (Male) |
| 15:58 | Queue | Scout Cavalry |
| 16:05 | Build | House |
| 16:22 | Queue | Villager (Male) |
| 16:26 | Build | Mining Camp |
| 16:27 | Queue | Villager (Male) |
| 16:31 | Queue | Villager (Male) |
| 16:41 | Queue | Scout Cavalry |
| 17:03 | Queue | Villager (Male) |
| 17:08 | Queue | Scout Cavalry |
| 17:12 | Build | Farm |
| 17:13 | Build | Farm |
| 17:41 | Build | Lumber Camp |
| 17:41 | Queue | Villager (Male) |
| 17:54 | Queue | Scout Cavalry |
| 18:06 | Queue | Villager (Male) |
| 18:07 | Queue | Scout Cavalry |
| 18:27 | Queue | Scout Cavalry |
| 19:14 | Queue | Scout Cavalry |
| 19:16 | Queue | Scout Cavalry |
| 19:26 | Queue | Villager (Male) |
| 19:41 | Queue | Villager (Male) |
| 19:44 | Queue | Villager (Male) |
| 19:53 | Queue | Villager (Male) |
| 20:01 | Queue | Scout Cavalry |
| 20:02 | Build | Farm |
| 20:04 | Build | Farm |
| 20:04 | Build | Farm |
| 20:08 | Queue | Spearman |
| 20:11 | Queue | Scout Cavalry |
| 20:14 | Queue | Scout Cavalry |
| 20:21 | Build | Palisade Wall |
| 20:22 | Build | Palisade Wall |
| 20:28 | Build | House |
| 20:36 | Build | Farm |
| 20:45 | Build | Farm |
| 20:46 | Build | Farm |
| 20:54 | Build | Stable |
| 21:02 | Build | Farm |
| 21:19 | Queue | Villager (Male) |
| 21:21 | Build | House |
| 21:43 | Build | Palisade Gate |
| 21:45 | Build | Palisade Wall |
| 21:57 | Build | Farm |
| 21:57 | Queue | Villager (Male) |
| 22:05 | Build | Palisade Wall |
| 22:06 | Queue | Villager (Male) |
| 22:14 | Build | Farm |
| 22:24 | Queue | Villager (Male) |
| 22:46 | Queue | Villager (Male) |
| 22:53 | Build | Farm |
| 23:24 | Build | Blacksmith |
| 23:53 | Build | Farm |
| 24:02 | Research | Castle Age |
| 24:08 | Research | Scale Barding Armor |
| 24:16 | Build | Palisade Wall |
| 24:38 | Queue | Scout Cavalry |
| 24:38 | Queue | Scout Cavalry |
| 25:00 | Build | Lumber Camp |
Build order — CL_lorecs
First 150 of 281 actions detected
| 0:01 | Queue | Villager (Male) |
| 0:01 | Queue | Villager (Male) |
| 0:01 | Queue | Villager (Male) |
| 0:02 | Queue | Villager (Male) |
| 0:02 | Build | House |
| 0:04 | Build | House |
| 1:26 | Queue | Villager (Male) |
| 2:08 | Queue | Villager (Male) |
| 2:29 | Queue | Villager (Male) |
| 2:36 | Build | Lumber Camp |
| 2:46 | Queue | Villager (Male) |
| 2:58 | Queue | Villager (Male) |
| 3:33 | Queue | Villager (Male) |
| 3:34 | Queue | Villager (Male) |
| 3:34 | Queue | Villager (Male) |
| 3:54 | Build | House |
| 4:07 | Queue | Villager (Male) |
| 4:11 | Build | House |
| 4:29 | Queue | Villager (Male) |
| 4:47 | Queue | Villager (Male) |
| 5:25 | Queue | Villager (Male) |
| 5:53 | Research | Loom |
| 6:00 | Build | Mining Camp |
| 6:42 | Research | Feudal Age |
| 8:02 | Build | Barracks |
| 8:04 | Build | House |
| 8:53 | Age | Feudal Age |
| 8:54 | Queue | Villager (Male) |
| 8:56 | Build | Archery Range |
| 9:07 | Build | Archery Range |
| 9:26 | Queue | Villager (Male) |
| 9:47 | Queue | Villager (Male) |
| 9:48 | Queue | Archer |
| 9:56 | Build | House |
| 10:03 | Queue | Archer |
| 10:18 | Queue | Villager (Male) |
| 10:26 | Queue | Archer |
| 10:32 | Build | Blacksmith |
| 10:34 | Queue | Archer |
| 10:39 | Queue | Villager (Male) |
| 10:51 | Queue | Archer |
| 11:08 | Build | House |
| 11:10 | Research | Fletching |
| 11:10 | Research | Fletching |
| 11:14 | Queue | Villager (Male) |
| 11:16 | Queue | Archer |
| 11:44 | Queue | Villager (Male) |
| 11:45 | Queue | Archer |
| 11:45 | Queue | Archer |
| 11:57 | Build | Mill |
| 12:32 | Queue | Villager (Male) |
| 12:39 | Build | Farm |
| 12:43 | Build | Farm |
| 12:46 | Build | Farm |
| 12:48 | Queue | Archer |
| 12:48 | Queue | Archer |
| 12:54 | Queue | Archer |
| 12:59 | Queue | Villager (Male) |
| 13:21 | Queue | Archer |
| 13:21 | Queue | Archer |
| 13:28 | Queue | Villager (Male) |
| 13:30 | Build | Farm |
| 13:45 | Build | Farm |
| 13:49 | Queue | Archer |
| 13:49 | Queue | Archer |
| 13:58 | Queue | Villager (Male) |
| 14:05 | Build | House |
| 14:06 | Build | Palisade Wall |
| 14:11 | Build | House |
| 14:18 | Queue | Villager (Male) |
| 14:40 | Queue | Archer |
| 14:40 | Queue | Archer |
| 14:40 | Queue | Villager (Male) |
| 15:04 | Queue | Archer |
| 15:04 | Queue | Archer |
| 15:05 | Queue | Villager (Male) |
| 15:16 | Build | Farm |
| 15:18 | Build | Farm |
| 15:29 | Build | Palisade Wall |
| 15:43 | Queue | Archer |
| 15:43 | Queue | Archer |
| 15:44 | Queue | Villager (Male) |
| 15:53 | Queue | Archer |
| 16:05 | Build | Palisade Wall |
| 16:06 | Build | House |
| 16:09 | Build | Palisade Wall |
| 16:10 | Build | Palisade Wall |
| 16:21 | Queue | Villager (Male) |
| 16:26 | Build | House |
| 16:34 | Queue | Archer |
| 16:37 | Queue | Villager (Male) |
| 16:45 | Build | Farm |
| 17:04 | Queue | Archer |
| 17:04 | Queue | Archer |
| 17:07 | Queue | Villager (Male) |
| 17:21 | Build | Farm |
| 17:34 | Queue | Archer |
| 17:34 | Queue | Archer |
| 17:35 | Queue | Villager (Male) |
| 17:50 | Build | Palisade Gate |
| 17:51 | Build | Palisade Wall |
| 18:07 | Queue | Villager (Male) |
| 18:07 | Build | Farm |
| 18:21 | Build | House |
| 18:23 | Build | House |
| 18:35 | Research | Padded Archer Armor |
| 18:35 | Research | Padded Archer Armor |
| 18:42 | Queue | Archer |
| 18:42 | Queue | Archer |
| 19:19 | Queue | Archer |
| 19:19 | Queue | Archer |
| 19:34 | Queue | Villager (Male) |
| 19:48 | Research | Castle Age |
| 19:54 | Build | Lumber Camp |
| 20:06 | Queue | Archer |
| 20:06 | Queue | Archer |
| 20:31 | Queue | Archer |
| 20:32 | Queue | Archer |
| 21:11 | Research | Double-Bit Axe |
| 21:12 | Research | Horse Collar |
| 21:12 | Research | Gold Mining |
| 21:23 | Queue | Archer |
| 21:24 | Queue | Archer |
| 21:24 | Queue | Archer |
| 21:40 | Build | House |
| 21:41 | Build | Palisade Wall |
| 22:05 | Queue | Archer |
| 22:05 | Queue | Archer |
| 22:28 | Age | Castle Age |
| 22:32 | Research | Crossbowman (upgrade) |
| 22:54 | Build | House |
| 23:21 | Research | Bodkin Arrow |
| 23:21 | Research | Bodkin Arrow |
| 23:24 | Build | University |
| 23:27 | Queue | Archer |
| 23:27 | Queue | Archer |
| 23:28 | Queue | Villager (Male) |
| 23:43 | Queue | Archer |
| 23:43 | Queue | Archer |
| 23:44 | Queue | Archer |
| 24:10 | Queue | Villager (Male) |
| 24:14 | Build | Palisade Wall |
| 24:15 | Build | Palisade Wall |
| 24:27 | Build | Palisade Wall |
| 24:49 | Build | Archery Range |
| 24:57 | Build | House |
| 24:58 | Build | House |
| 25:00 | Queue | Archer |
| 25:00 | Queue | Archer |
| 25:01 | Queue | Archer |
Build order — [CL] Eduardo
First 150 of 245 actions detected
| 0:00 | Queue | Villager (Male) |
| 0:01 | Queue | Villager (Male) |
| 0:01 | Queue | Villager (Male) |
| 0:02 | Build | House |
| 0:02 | Queue | Villager (Male) |
| 0:03 | Build | House |
| 1:24 | Queue | Villager (Male) |
| 1:56 | Build | Lumber Camp |
| 1:58 | Queue | Villager (Male) |
| 2:10 | Queue | Villager (Male) |
| 2:46 | Queue | Villager (Male) |
| 3:06 | Queue | Villager (Male) |
| 3:34 | Queue | Villager (Male) |
| 3:37 | Queue | Villager (Male) |
| 3:49 | Build | House |
| 3:50 | Build | House |
| 4:07 | Queue | Villager (Male) |
| 4:11 | Queue | Villager (Male) |
| 4:53 | Queue | Villager (Male) |
| 5:19 | Build | Mining Camp |
| 5:48 | Queue | Villager (Male) |
| 6:17 | Research | Loom |
| 6:40 | Research | Feudal Age |
| 7:01 | Build | House |
| 7:40 | Build | Barracks |
| 7:44 | Build | Palisade Gate |
| 8:27 | Build | Palisade Wall |
| 8:30 | Queue | Villager (Male) |
| 8:52 | Age | Feudal Age |
| 8:55 | Build | Archery Range |
| 9:02 | Build | Archery Range |
| 9:06 | Queue | Villager (Male) |
| 9:13 | Research | Double-Bit Axe |
| 9:20 | Queue | Villager (Male) |
| 9:22 | Build | House |
| 9:32 | Build | Palisade Wall |
| 9:36 | Build | Palisade Wall |
| 9:53 | Queue | Archer |
| 9:54 | Queue | Archer |
| 10:01 | Queue | Villager (Male) |
| 10:08 | Queue | Archer |
| 10:09 | Queue | Archer |
| 10:09 | Build | House |
| 10:10 | Queue | Villager (Male) |
| 10:22 | Build | House |
| 10:33 | Queue | Villager (Male) |
| 10:37 | Build | Palisade Wall |
| 10:37 | Queue | Archer |
| 10:52 | Build | Palisade Wall |
| 10:53 | Queue | Archer |
| 11:02 | Queue | Villager (Male) |
| 11:14 | Queue | Archer |
| 11:31 | Queue | Archer |
| 11:46 | Build | Mill |
| 11:51 | Build | Palisade Wall |
| 11:52 | Queue | Villager (Male) |
| 11:54 | Queue | Archer |
| 12:32 | Queue | Archer |
| 12:32 | Queue | Archer |
| 12:35 | Queue | Villager (Male) |
| 12:37 | Build | House |
| 12:48 | Build | Blacksmith |
| 12:50 | Queue | Villager (Male) |
| 12:55 | Queue | Archer |
| 12:55 | Queue | Archer |
| 13:23 | Queue | Archer |
| 13:24 | Queue | Archer |
| 13:44 | Research | Fletching |
| 13:45 | Queue | Archer |
| 13:49 | Build | Farm |
| 13:49 | Build | Farm |
| 13:50 | Build | Farm |
| 14:05 | Build | House |
| 14:10 | Build | House |
| 14:12 | Build | House |
| 14:21 | Build | Palisade Wall |
| 14:24 | Build | Palisade Wall |
| 14:29 | Queue | Archer |
| 14:29 | Queue | Archer |
| 14:42 | Queue | Villager (Male) |
| 15:05 | Queue | Archer |
| 15:05 | Queue | Archer |
| 15:12 | Queue | Villager (Male) |
| 15:14 | Build | Farm |
| 15:17 | Build | Farm |
| 15:19 | Build | Farm |
| 15:25 | Queue | Villager (Male) |
| 15:38 | Queue | Archer |
| 15:39 | Queue | Archer |
| 15:51 | Build | Farm |
| 15:52 | Queue | Villager (Male) |
| 16:04 | Queue | Archer |
| 16:04 | Queue | Archer |
| 16:08 | Queue | Villager (Male) |
| 16:29 | Queue | Villager (Male) |
| 16:31 | Queue | Archer |
| 16:31 | Queue | Archer |
| 16:41 | Build | Palisade Wall |
| 16:51 | Queue | Villager (Male) |
| 17:01 | Build | House |
| 17:06 | Build | Palisade Wall |
| 17:10 | Queue | Villager (Male) |
| 17:14 | Build | House |
| 17:29 | Build | Farm |
| 17:31 | Build | House |
| 17:32 | Build | House |
| 17:42 | Queue | Archer |
| 17:42 | Queue | Archer |
| 17:55 | Build | Palisade Wall |
| 18:01 | Research | Horse Collar |
| 18:03 | Queue | Archer |
| 18:20 | Queue | Archer |
| 18:21 | Research | Padded Archer Armor |
| 18:24 | Queue | Villager (Male) |
| 18:28 | Build | Farm |
| 18:29 | Build | Farm |
| 18:46 | Queue | Archer |
| 18:46 | Queue | Archer |
| 19:21 | Queue | Archer |
| 19:21 | Queue | Archer |
| 19:26 | Queue | Villager (Male) |
| 19:37 | Queue | Archer |
| 19:37 | Queue | Archer |
| 19:40 | Queue | Villager (Male) |
| 19:42 | Build | Farm |
| 19:50 | Queue | Villager (Male) |
| 20:07 | Queue | Archer |
| 20:08 | Queue | Archer |
| 20:17 | Queue | Archer |
| 20:17 | Queue | Archer |
| 20:19 | Queue | Villager (Male) |
| 20:21 | Build | Farm |
| 20:26 | Build | Farm |
| 20:30 | Build | Farm |
| 21:07 | Queue | Archer |
| 21:11 | Queue | Villager (Male) |
| 21:16 | Build | Farm |
| 21:17 | Build | Farm |
| 21:25 | Build | Farm |
| 21:36 | Queue | Archer |
| 21:36 | Queue | Archer |
| 21:43 | Queue | Villager (Male) |
| 22:17 | Queue | Spearman |
| 22:24 | Research | Castle Age |
| 22:52 | Queue | Archer |
| 22:52 | Queue | Archer |
| 23:36 | Build | Archery Range |
| 23:41 | Build | Stable |
| 23:44 | Research | Gold Mining |
| 23:50 | Build | Palisade Wall |
Build order — hK | FraKTal
First 150 of 283 actions detected
| 0:00 | Queue | Villager (Male) |
| 0:01 | Queue | Villager (Male) |
| 0:02 | Build | House |
| 0:03 | Build | House |
| 0:16 | Queue | Villager (Male) |
| 0:29 | Queue | Villager (Male) |
| 1:25 | Build | Lumber Camp |
| 1:40 | Queue | Villager (Male) |
| 1:40 | Queue | Villager (Male) |
| 1:59 | Queue | Villager (Male) |
| 1:59 | Queue | Villager (Male) |
| 2:24 | Queue | Villager (Male) |
| 2:24 | Queue | Villager (Male) |
| 2:50 | Queue | Villager (Male) |
| 2:53 | Queue | Villager (Male) |
| 3:40 | Queue | Villager (Male) |
| 3:40 | Queue | Villager (Male) |
| 3:50 | Build | House |
| 4:03 | Queue | Villager (Male) |
| 4:05 | Queue | Villager (Male) |
| 4:16 | Build | House |
| 4:23 | Build | Palisade Wall |
| 4:58 | Queue | Villager (Male) |
| 5:06 | Queue | Villager (Male) |
| 5:23 | Queue | Villager (Male) |
| 6:09 | Queue | Villager (Male) |
| 6:09 | Research | Loom |
| 7:09 | Queue | Villager (Male) |
| 7:09 | Queue | Villager (Male) |
| 7:20 | Build | Mining Camp |
| 7:43 | Build | Mill |
| 8:01 | Research | Feudal Age |
| 9:24 | Queue | Villager (Male) |
| 9:26 | Build | Barracks |
| 9:56 | Queue | Villager (Male) |
| 10:08 | Queue | Villager (Male) |
| 10:11 | Age | Feudal Age |
| 10:24 | Queue | Villager (Male) |
| 10:30 | Build | Archery Range |
| 10:44 | Queue | Villager (Male) |
| 10:51 | Build | Archery Range |
| 10:53 | Queue | Villager (Male) |
| 11:00 | Build | Archery Range |
| 11:02 | Queue | Villager (Male) |
| 11:09 | Queue | Villager (Male) |
| 11:09 | Queue | Villager (Male) |
| 11:18 | Build | Archery Range |
| 11:30 | Build | Palisade Wall |
| 11:40 | Build | House |
| 11:41 | Build | Palisade Wall |
| 11:53 | Build | House |
| 11:58 | Build | House |
| 12:00 | Queue | Archer |
| 12:11 | Queue | Archer |
| 12:29 | Queue | Villager (Male) |
| 12:29 | Queue | Archer |
| 12:37 | Research | Double-Bit Axe |
| 12:37 | Research | Double-Bit Axe |
| 12:40 | Queue | Villager (Male) |
| 12:45 | Build | Blacksmith |
| 12:54 | Build | Blacksmith |
| 13:00 | Queue | Archer |
| 13:20 | Queue | Archer |
| 13:21 | Queue | Villager (Male) |
| 13:26 | Queue | Archer |
| 13:29 | Build | Pasture |
| 13:33 | Build | Pasture |
| 13:36 | Queue | Archer |
| 13:51 | Queue | Archer |
| 13:56 | Build | Palisade Wall |
| 13:57 | Build | Palisade Wall |
| 13:59 | Build | Palisade Wall |
| 14:05 | Queue | Archer |
| 14:06 | Queue | Villager (Male) |
| 14:17 | Queue | Archer |
| 14:19 | Queue | Villager (Male) |
| 14:33 | Build | Pasture |
| 14:44 | Build | House |
| 14:58 | Build | Palisade Gate |
| 15:25 | Queue | Archer |
| 15:34 | Queue | Villager (Male) |
| 15:35 | Queue | Villager (Male) |
| 15:36 | Research | Fletching |
| 15:36 | Research | Fletching |
| 15:41 | Build | Palisade Gate |
| 15:52 | Queue | Archer |
| 15:52 | Queue | Archer |
| 15:55 | Queue | Archer |
| 16:13 | Build | Palisade Gate |
| 16:20 | Queue | Villager (Male) |
| 16:37 | Queue | Villager (Male) |
| 16:44 | Queue | Villager (Male) |
| 16:44 | Queue | Villager (Male) |
| 16:58 | Queue | Villager (Male) |
| 16:58 | Queue | Villager (Male) |
| 17:02 | Queue | Villager (Male) |
| 17:03 | Queue | Villager (Male) |
| 17:20 | Research | Padded Archer Armor |
| 17:20 | Research | Padded Archer Armor |
| 17:35 | Queue | Archer |
| 17:37 | Queue | Archer |
| 17:38 | Queue | Villager (Male) |
| 18:00 | Build | Market |
| 18:01 | Queue | Archer |
| 18:02 | Queue | Archer |
| 18:06 | Build | Palisade Gate |
| 18:52 | Queue | Villager (Male) |
| 19:11 | Build | Watch Tower |
| 19:18 | Queue | Villager (Male) |
| 19:19 | Queue | Skirmisher |
| 19:19 | Queue | Skirmisher |
| 19:24 | Build | Pasture |
| 19:54 | Queue | Skirmisher |
| 19:55 | Queue | Skirmisher |
| 20:02 | Build | Pasture |
| 20:05 | Build | Pasture |
| 20:10 | Queue | Skirmisher |
| 20:10 | Queue | Skirmisher |
| 20:13 | Queue | Villager (Male) |
| 20:32 | Build | Pasture |
| 20:49 | Queue | Skirmisher |
| 20:49 | Queue | Skirmisher |
| 20:55 | Build | Pasture |
| 20:57 | Build | House |
| 20:58 | Build | House |
| 21:05 | Build | Pasture |
| 21:05 | Build | Pasture |
| 21:10 | Build | Pasture |
| 21:12 | Build | Palisade Wall |
| 21:15 | Queue | Villager (Male) |
| 21:21 | Queue | Skirmisher |
| 21:21 | Queue | Skirmisher |
| 21:41 | Queue | Villager (Male) |
| 21:55 | Build | Palisade Wall |
| 22:00 | Queue | Skirmisher |
| 22:01 | Queue | Skirmisher |
| 22:10 | Build | Pasture |
| 22:13 | Queue | Skirmisher |
| 22:13 | Queue | Skirmisher |
| 22:15 | Queue | Villager (Male) |
| 22:35 | Queue | Villager (Male) |
| 22:39 | Build | House |
| 22:46 | Build | Lumber Camp |
| 22:56 | Build | Pasture |
| 22:59 | Queue | Skirmisher |
| 22:59 | Queue | Skirmisher |
| 23:04 | Queue | Villager (Male) |
| 23:11 | Queue | Villager (Male) |
| 23:17 | Build | Pasture |
| 23:24 | Queue | Skirmisher |
Match timeline
| 4:23 | hK | FraKTal · wall_segment Palisade Wall x3 |
| 6:57 | [CL] castiii · first_building Barracks |
| 7:31 | Zoschenko · first_building Barracks |
| 7:40 | [CL] Eduardo · first_building Barracks |
| 7:42 | [CL] Davidlk1412 · first_building Barracks |
| 8:00 | Carmolo11 · first_building Barracks |
| 8:02 | CL_lorecs · first_building Barracks |
| 8:25 | [CL] castiii · age_up feudal |
| 8:25 | Darth Maul · age_up feudal |
| 8:27 | [CL] Eduardo · wall_segment Palisade Wall x1 |
| 8:31 | [CL] Davidlk1412 · age_up feudal |
| 8:33 | Darth Maul · first_building Archery Range |
| 8:49 | [CL] Davidlk1412 · first_building Stable |
| 8:50 | [CL] castiii · first_building Stable |
| 8:51 | Zoschenko · age_up feudal |
| 8:52 | [CL] Eduardo · age_up feudal |
| 8:53 | CL_lorecs · age_up feudal |
| 8:55 | [CL] Eduardo · first_building Archery Range |
| 8:55 | Zoschenko · first_building Stable |
| 8:56 | CL_lorecs · first_building Archery Range |
| 8:57 | Darth Maul · wall_segment Palisade Wall x2 |
| 8:58 | Darth Maul · wall_segment Palisade Wall x1 |
| 9:03 | Darth Maul · wall_segment Palisade Wall x6 |
| 9:18 | Carmolo11 · age_up feudal |
| 9:20 | Carmolo11 · first_building Stable |
| 9:26 | hK | FraKTal · first_building Barracks |
| 9:32 | [CL] Eduardo · wall_segment Palisade Wall x2 |
| 9:36 | [CL] Eduardo · wall_segment Palisade Wall x2 |
| 9:57 | Zoschenko · wall_segment Palisade Wall x11 |
| 9:58 | Carmolo11 · wall_segment Palisade Wall x8 |
| 9:59 | Carmolo11 · wall_segment Palisade Wall x3 |
| 10:00 | Carmolo11 · wall_segment Palisade Wall x1 |
| 10:01 | Zoschenko · wall_segment Palisade Wall x7 |
| 10:02 | Zoschenko · wall_segment Palisade Wall x3 |
| 10:05 | [CL] castiii · wall_segment Palisade Wall x2 |
| 10:11 | hK | FraKTal · age_up feudal |
| 10:13 | [CL] castiii · wall_segment Palisade Wall x10 |
| 10:13 | Zoschenko · wall_segment Palisade Wall x24 |
| 10:23 | [CL] Davidlk1412 · wall_segment Palisade Wall x15 |
| 10:27 | Zoschenko · wall_segment Palisade Wall x4 |
| 10:30 | hK | FraKTal · first_building Archery Range |
| 10:37 | [CL] Eduardo · wall_segment Palisade Wall x11 |
| 10:37 | Zoschenko · wall_segment Palisade Wall x1 |
| 10:40 | Carmolo11 · wall_segment Palisade Wall x7 |
| 10:46 | Carmolo11 · wall_segment Palisade Wall x16 |
| 10:52 | [CL] Eduardo · wall_segment Palisade Wall x6 |
| 11:01 | Carmolo11 · wall_segment Palisade Wall x3 |
| 11:03 | Carmolo11 · wall_segment Palisade Wall x10 |
| 11:10 | Carmolo11 · wall_segment Palisade Wall x2 |
| 11:10 | Carmolo11 · wall_segment Palisade Wall x5 |
| 11:25 | Zoschenko · wall_segment Palisade Wall x6 |
| 11:27 | Zoschenko · wall_segment Palisade Wall x10 |
| 11:30 | hK | FraKTal · wall_segment Palisade Wall x8 |
| 11:35 | [CL] castiii · wall_segment Palisade Wall x11 |
| 11:41 | hK | FraKTal · wall_segment Palisade Wall x2 |
| 11:44 | [CL] castiii · wall_segment Palisade Wall x13 |
| 11:48 | [CL] Davidlk1412 · wall_segment Palisade Wall x1 |
| 11:51 | [CL] Eduardo · wall_segment Palisade Wall x4 |
| 11:53 | Darth Maul · wall_segment Palisade Wall x5 |
| 11:57 | Darth Maul · wall_segment Palisade Wall x5 |
| 12:35 | [CL] Davidlk1412 · wall_segment Palisade Wall x4 |
| 12:56 | Darth Maul · wall_segment Palisade Wall x1 |
| 13:07 | [CL] castiii · wall_segment Palisade Wall x1 |
| 13:35 | [CL] Davidlk1412 · wall_segment Palisade Wall x8 |
| 13:56 | hK | FraKTal · wall_segment Palisade Wall x1 |
| 13:57 | hK | FraKTal · wall_segment Palisade Wall x1 |
| 13:59 | hK | FraKTal · wall_segment Palisade Wall x1 |
| 14:06 | CL_lorecs · wall_segment Palisade Wall x5 |
| 14:16 | Darth Maul · wall_segment Palisade Wall x6 |
| 14:17 | Darth Maul · wall_segment Palisade Wall x5 |
| 14:21 | [CL] Eduardo · wall_segment Palisade Wall x7 |
| 14:24 | [CL] Eduardo · wall_segment Palisade Wall x12 |
| 14:33 | Carmolo11 · wall_segment Palisade Wall x1 |
| 15:03 | [CL] Davidlk1412 · wall_segment Palisade Wall x1 |
| 15:04 | [CL] Davidlk1412 · wall_segment Palisade Wall x1 |
| 15:04 | [CL] Davidlk1412 · wall_segment Palisade Wall x1 |
| 15:08 | [CL] Davidlk1412 · wall_segment Palisade Wall x1 |
| 15:08 | [CL] Davidlk1412 · wall_segment Palisade Wall x1 |
| 15:09 | [CL] Davidlk1412 · wall_segment Palisade Wall x1 |
| 15:29 | CL_lorecs · wall_segment Palisade Wall x5 |
| 16:05 | CL_lorecs · wall_segment Palisade Wall x1 |
| 16:09 | CL_lorecs · wall_segment Palisade Wall x5 |
| 16:10 | CL_lorecs · wall_segment Palisade Wall x6 |
| 16:41 | [CL] Eduardo · wall_segment Palisade Wall x1 |
| 16:47 | Carmolo11 · wall_segment Palisade Wall x1 |
| 16:48 | Carmolo11 · wall_segment Palisade Wall x1 |
| 16:51 | Carmolo11 · wall_segment Palisade Wall x1 |
| 17:01 | Darth Maul · wall_segment Palisade Wall x7 |
| 17:02 | Darth Maul · wall_segment Palisade Wall x3 |
| 17:06 | [CL] Eduardo · wall_segment Palisade Wall x1 |
| 17:51 | CL_lorecs · wall_segment Palisade Wall x3 |
| 17:55 | [CL] Eduardo · wall_segment Palisade Wall x1 |
| 18:53 | [CL] castiii · first_market_buy 100 food |
| 18:53 | [CL] castiii · first_market_sell 100 wood |
| 19:44 | Darth Maul · wall_segment Palisade Wall x1 |
| 20:21 | [CL] Davidlk1412 · wall_segment Palisade Wall x1 |
| 20:22 | [CL] Davidlk1412 · wall_segment Palisade Wall x1 |
| 21:12 | hK | FraKTal · wall_segment Palisade Wall x1 |
| 21:39 | [CL] castiii · age_up castle |
| 21:41 | CL_lorecs · wall_segment Palisade Wall x1 |
| 21:45 | [CL] Davidlk1412 · wall_segment Palisade Wall x1 |
| 21:55 | hK | FraKTal · wall_segment Palisade Wall x15 |
| 22:05 | [CL] Davidlk1412 · wall_segment Palisade Wall x1 |
| 22:28 | CL_lorecs · age_up castle |
| 22:45 | Zoschenko · first_market_buy 100 food |
| 22:46 | Zoschenko · first_market_sell 100 wood |
| 23:11 | [CL] castiii · wall_segment Palisade Wall x1 |
| 23:41 | [CL] Eduardo · first_building Stable |
| 23:44 | Darth Maul · wall_segment Palisade Wall x6 |
| 23:50 | [CL] Eduardo · wall_segment Palisade Wall x1 |
| 24:14 | CL_lorecs · wall_segment Palisade Wall x1 |
| 24:15 | CL_lorecs · wall_segment Palisade Wall x1 |
| 24:16 | [CL] Davidlk1412 · wall_segment Palisade Wall x1 |
| 24:25 | hK | FraKTal · wall_segment Palisade Wall x10 |
| 24:27 | CL_lorecs · wall_segment Palisade Wall x1 |
| 24:27 | Darth Maul · age_up castle |
| 24:33 | [CL] Eduardo · wall_segment Palisade Wall x1 |
| 25:04 | [CL] Eduardo · age_up castle |
| 25:06 | [CL] castiii · first_building Monastery |
| 25:12 | CL_lorecs · wall_segment Palisade Wall x1 |
| 25:16 | Darth Maul · first_market_sell 100 food |
| 25:37 | Zoschenko · age_up castle |
| 25:51 | CL_lorecs · first_market_buy 100 wood |
| 25:57 | [CL] Davidlk1412 · wall_segment Palisade Wall x1 |
| 26:18 | Carmolo11 · wall_segment Stone Wall x1 |
| 26:18 | Carmolo11 · wall_segment Stone Wall x1 |
| 26:35 | [CL] Davidlk1412 · wall_segment Palisade Wall x12 |
| 26:38 | [CL] Davidlk1412 · wall_segment Palisade Wall x7 |
| 26:42 | [CL] Davidlk1412 · age_up castle |
| 26:43 | [CL] Davidlk1412 · wall_segment Palisade Wall x8 |
| 27:23 | [CL] Davidlk1412 · wall_segment Palisade Wall x1 |
| 27:24 | [CL] Davidlk1412 · wall_segment Palisade Wall x1 |
| 27:47 | Carmolo11 · first_market_buy 100 wood |
| 28:06 | Zoschenko · first_building Monastery |
| 28:38 | hK | FraKTal · age_up castle |
| 28:39 | Carmolo11 · first_market_sell 100 food |
| 29:21 | Carmolo11 · age_up castle |
| 29:39 | CL_lorecs · first_market_sell 100 wood |
| 30:03 | Darth Maul · wall_segment Palisade Wall x1 |
| 30:04 | Darth Maul · wall_segment Palisade Wall x1 |
| 30:06 | [CL] Davidlk1412 · wall_segment Palisade Wall x1 |
| 30:31 | Darth Maul · first_market_buy 100 wood |
| 30:34 | Darth Maul · first_building Siege Workshop |
| 30:59 | Carmolo11 · wall_segment Stone Wall x1 |
| 31:41 | Carmolo11 · wall_segment Stone Wall x1 |
| 32:47 | [CL] castiii · wall_segment Palisade Wall x1 |
| 35:03 | hK | FraKTal · first_building Siege Workshop |
| 35:41 | [CL] Davidlk1412 · resign |
[ AI ANALYSIS · 1 CREDIT ]
What really happened in this match?
Wolo.gg analyzes every decision: build order, eco, micro, common mistakes by bracket. Personalized analysis on WhatsApp or Discord in 30 seconds.
Civ guide
Georgians
Perfil
Jugador #2131956